 Dungeon Crawl Stone Soup version 0.23.2-1-ga50397a (webtiles) character file.

Game seed: 17802999026895778183

35692 marthius the Severer (level 13, -17/126 HPs)
             Began as a Minotaur Fighter on Apr 29, 2019.
             Was a High Priest of Trog.
             Demolished by an ettin
             ... wielding a +0 dire flail
              (22 damage)
             ... while paralysed by an ogre mage
             ... on level 2 of the Orcish Mines.
             The game lasted 01:15:48 (16768 turns).

marthius the Severer (Minotaur Fighter)            Turns: 16768, Time: 01:15:49

Health: -17/126    AC: 19    Str: 24    XL:     13   Next: 49%
Magic:  31/31      EV:  2    Int:  9    God:    Trog [*****.]
Gold:   903        SH:  0    Dex:  7    Spells: 12/12 levels left

rFire    . . .     SeeInvis +   R - +4 war axe (holy)
rCold    . . .     Gourm    .   b - +10 large shield of Ignorance {rN+ Int-4}
rNeg     + . .     Faith    .   n - +3 plate armour of Xina {+Fly MP+9 Int+6 Dex-5}
rPois    .         Spirit   .   (helmet restricted)
rElec    .         Reflect  .   V - +0 cloak "Uklegaon" {*Drain MP+9 SInv}
rCorr    .         Harm     .   (no gloves)
MR       .....                  (no boots)
Stlth    ..........             (no amulet)
HPRegen  0.31/turn              x - +3 ring of evasion
MPRegen  0.22/turn              E - +5 ring of evasion

@: paralysed, lightly drained
A: retaliatory headbutt, horns 2, clever 1, mutation resistance 1
a: Berserk, Trog's Hand, Brothers in Arms, Renounce Religion, Evoke Flight


You were on level 2 of the Orcish Mines.
You worshipped Trog.
Trog was extremely pleased with you.
You were not hungry.

You visited 2 branches of the dungeon, and saw 15 of its levels.

You collected 1409 gold pieces.
You spent 506 gold pieces at shops.

Inventory:

Hand Weapons
 o - a +7 battleaxe of chopping
 R - a +4 war axe of holy wrath (weapon)
 Z - a +3 flail
Missiles
 G - 5 javelins (quivered)
Armour
 a - a +3 ring mail of magic resistance
 b - the +10 large shield of Ignorance (worn) {rN+ Int-4}
   (You found it on level 12 of the Dungeon)

   It affects your intelligence (-4).
   It protects you from negative energy.
 n - the +3 plate armour of Xina (worn) {+Fly MP+9 Int+6 Dex-5}
   (You found it on level 10 of the Dungeon)

   It affects your intelligence (+6).
   It affects your dexterity (-5).
   It affects your magic capacity (+9).
   It lets you fly.
 V - the +0 cloak "Uklegaon" (worn) {*Drain MP+9 SInv}
   (You found it on level 11 of the Dungeon)

   It affects your magic capacity (+9).
   It lets you see invisible.
   It causes draining when unequipped.
Jewellery
 t - an uncursed ring of protection from cold
 x - a +3 ring of evasion (left hand)
 E - a +5 ring of evasion (right hand)
 L - an uncursed ring of poison resistance
 P - an uncursed ring of see invisible
 S - an uncursed ring of ice
Wands
 g - a wand of flame (19)
 l - a wand of enslavement (9)
 w - a wand of acid (18)
 B - a wand of disintegration (20)
 D - a wand of iceblast (20)
 X - a wand of clouds (5)
Scrolls
 e - 3 scrolls of enchant weapon
 h - 10 scrolls of teleportation
 k - a scroll of blinking
 p - a scroll of enchant armour
 u - a scroll of random uselessness
 v - a scroll of silence
 y - 3 scrolls of magic mapping
 A - 10 scrolls of remove curse
 C - 6 scrolls of amnesia
 H - 3 scrolls of fog
 J - a scroll of torment {unknown}
 K - 4 scrolls of fear
 M - a scroll of brand weapon {unknown}
Potions
 d - 3 potions of brilliance
 i - a potion of heal wounds
 j - 6 potions of flight
 m - 5 potions of magic
 q - a potion of agility
 r - 2 potions of haste
 s - 4 potions of curing
 z - 2 potions of berserk rage
 Y - a potion of resistance {unknown}
Comestibles
 c - 2 chunks of flesh
 f - 20 rations


   Skills:
 - Level 15.0(14.6) Fighting
 + Level 15.2(14.7) Axes
 - Level 12.4(11.9) Armour
 - Level 3.5(3.2) Dodging
 + Level 11.6(11.2) Shields
 + Level 2.5(2.2) Evocations


You had 12 spell levels left.
You didn't know any spells.
Your spell library was empty.

Dungeon Overview and Level Annotations

Branches:
Dungeon (13/15)            Temple (0/1) D:7            Lair (0/6) D:8
    Orc (2/2) D:12            Elf (0/3) Orc:2        Vaults (0/5) D:13

Altars:
Elyvilon
Gozag
Hepliaklqana
Kikubaaqudgha
Okawaru
Qazlal
Trog
Wu Jian
Zin
Beogh

Shops:
D:11 *   Orc:1 =

Portals:
Trove: D:11 (give 7 potions of agility)

Annotations:
D:8 1 runed translucent door, Borgoz's ghost, novice GrGl
D:12 exclusion: 4 orange crystal statues


Innate Abilities, Weirdness & Mutations

You reflexively headbutt those who attack you in melee.
You have a pair of horns on your head.
Your mind is acute. (Int +2)
You are somewhat resistant to further mutation.


Message History

The orc wizard mumbles some strange words.
The orc wizard flickers and vanishes for a moment.
The orc priest calls down the wrath of Beogh upon you.
Beogh smites you!
The ettin hits you with a +0 dire flail!!
The ettin hits you with a +0 dire flail!!!
* * * LOW HITPOINT WARNING * * *
You hear two shouts!
The ogre hits you with a +0 giant spiked club.
* * * LOW HITPOINT WARNING * * *
The ogre hits you but does no damage. The ogre barely misses you.
The orc priest looks braver for a moment.
The cyclops throws a large rock.
The large rock barely misses you.
The large rock hits the ettin but does no damage.
The orc warrior barely misses you. The orc hits you with a +0 whip.
* * * LOW HITPOINT WARNING * * *
The ettin hits you with a +0 dire flail!!
* * * LOW HITPOINT WARNING * * *
The ettin hits you with a +0 dire flail!!
You die...

..............o
...............
..O............
...............
......oo.......
...O..oo...C...
......oO.......
.....oO@o......
......COO#.....
.....o.o.# #..
....o.....
.......oo..
..oo........
.............
............>.


You could see an ettin, an ogre mage, a cyclops, 3 orc warriors, 5 ogres, 2 orc
priests, 3 orc wizards and 7 orcs.

Vanquished Creatures
  A stone giant (D:12)
  Josephine (D:12)
  A hydra (D:11)
  Harold (D:11)
  4 centaur warriors
  2 two-headed ogres
  2 dancing weapons (D:13)
  A tengu warrior (D:13)
  3 unseen horrors
  5 ugly things
  Pikel (D:5)
  2 cyclopes
  2 manticores (D:11)
  A centaur zombie (D:13)
  A gargoyle (D:11)
  3 kobold demonologists (D:13)
  A yaktaur (D:13)
  9 trolls
  9 slime creatures
  4 hippogriffs
  2 vampires
  3 shadows
  7 wraiths
  Sigmund (D:3)
  2 water elementals (D:11)
  15 yaks
  3 basilisks
  A human (D:12)
  4 hungry ghosts
  2 soldier ants
  2 wargs (D:12)
  An acid dragon (D:12)
  A water moccasin (D:10)
  3 sky beasts
  4 ice beasts
  19 orc warriors
  3 phantoms
  2 black bears
  5 centaurs
  12 ogres
  3 crocodiles
  4 big kobolds (D:13)
  9 bullfrogs
  A wyvern zombie (D:7)
  3 scorpions
  4 killer bees
  3 electric eels (D:11)
  15 wights
  2 howler monkeys
  9 crimson imps
  A bullfrog zombie (D:6)
  5 jellies
  12 orc wizards
  A bullfrog skeleton (D:9)
  5 hounds
  20 orc priests
  3 centaur skeletons
  2 iguanas (D:6)
  Jessica (D:2)
  Natasha (twice) (D:4)
  6 worker ants
  A hound zombie (D:8)
  Robin (D:3)
  A howler monkey skeleton (D:7)
  4 worker ant zombies
  4 gnolls (D:9)
  12 adders
  3 shadow imps (D:5)
  An adder zombie (D:8)
  2 adder skeletons
  5 worms
  5 dart slugs
  2 leopard geckos
  76 orcs
  3 ball pythons
  4 giant cockroaches
  17 goblins
  16 hobgoblins
  9 jackals
  17 kobolds
  6 quokkas
  A ball python skeleton (D:4)
  8 bats
  5 frilled lizards
  A jackal skeleton (D:4)
  A leopard gecko zombie (D:5)
  A quokka skeleton (D:4)
  A quokka zombie (D:8)
  12 rats
476 creatures vanquished.

Vanquished Creatures (collateral kills)
  An ugly thing (D:11)
  A jackal (D:11)
2 creatures vanquished.

Vanquished Creatures (others)
  An adder (D:11)
  A plant (D:11)
  A withered plant (D:8)
3 creatures vanquished.

Grand Total: 481 creatures vanquished

Notes
Turn   | Place    | Note
-------+----------+-------------------------------------------
     0 | D:1      | marthius the Minotaur Fighter began the quest for the Orb.
     0 | D:1      | Reached XP level 1. HP: 19/19 MP: 0/0
    93 | D:1      | Reached XP level 2. HP: 26/27 MP: 1/1
   667 | D:1      | Reached XP level 3. HP: 33/33 MP: 2/2
  1087 | D:2      | Noticed Jessica
  1266 | D:2      | Killed Jessica
  1266 | D:2      | Reached XP level 4. HP: 41/41 MP: 3/3
  1371 | D:2      | Found a white marble altar of Elyvilon.
  1820 | D:3      | Found an opulent altar of Gozag.
  2004 | D:3      | Found a hazy altar of Hepliaklqana.
  2071 | D:3      | Noticed Sigmund
  2083 | D:3      | Killed Sigmund
  2083 | D:3      | Reached skill level 5 in Fighting
  2083 | D:3      | Reached skill level 5 in Armour
  2083 | D:3      | Reached XP level 5. HP: 21/48 MP: 4/4
  2118 | D:3      | Reached XP level 6. HP: 30/56 MP: 5/5
  2294 | D:3      | Noticed Robin
  2304 | D:3      | Killed Robin
  2505 | D:3      | Found a bloodstained altar of Trog.
  2510 | D:3      | Became a worshipper of Trog the Wrathful
  2545 | D:4      | Reached skill level 5 in Axes
  2675 | D:4      | Found a glowing silver altar of Zin.
  2905 | D:4      | Noticed Natasha
  2911 | D:4      | Killed Natasha
  3091 | D:4      | Noticed Natasha
  3097 | D:4      | Killed Natasha
  3250 | D:5      | Entered Level 5 of the Dungeon
  3329 | D:5      | Reached XP level 7. HP: 63/63 MP: 6/6
  3522 | D:5      | Reached * piety under Trog
  3582 | D:5      | Reached skill level 1 in Dodging
  3618 | D:5      | Noticed Pikel
  3636 | D:5      | Killed Pikel
  3636 | D:5      | Reached XP level 8. HP: 28/73 MP: 7/7
  4262 | D:5      | Gained mutation: You are somewhat resistant to further
                  | mutation. [potion of mutation]
  4262 | D:5      | Gained mutation: Your mind is acute. (Int +2) [potion of
                  | mutation]
  4811 | D:6      | Reached skill level 5 in Shields
  5117 | D:7      | Reached ** piety under Trog
  5210 | D:7      | Reached XP level 9. HP: 79/82 MP: 8/8
  5378 | D:7      | Found a staircase to the Ecumenical Temple.
  6045 | D:8      | Found an ornate altar of the Wu Jian Council.
  6110 | D:8      | Found a stormy altar of Qazlal.
  6170 | D:8      | Found an iron altar of Okawaru.
  6402 | D:8      | Found a runed translucent door.
  6403 | D:8      | Noticed Borgoz's ghost (novice GrGl)
  6407 | D:8      | Found a staircase to the Lair.
  6480 | D:8      | Reached skill level 10 in Fighting
  6569 | D:9      | Reached *** piety under Trog
  6613 | D:9      | Reached skill level 10 in Axes
  6787 | D:9      | Found a stormy altar of Qazlal.
  6928 | D:9      | Reached XP level 10. HP: 77/94 MP: 9/9
  7695 | D:10     | Entered Level 10 of the Dungeon
  7730 | D:10     | Noticed a cyclops
  7736 | D:10     | Found a large runed translucent door.
  8464 | D:10     | Found a large runed translucent door.
  8503 | D:10     | Noticed a two-headed ogre
  8510 | D:10     | Killed a two-headed ogre
  8870 | D:10     | Noticed a centaur warrior
  8881 | D:10     | Found an iron altar of Okawaru.
  8889 | D:10     | Killed a centaur warrior
  8895 | D:10     | Killed a cyclops
  8924 | D:10     | Found an iron altar of Okawaru.
  8952 | D:10     | Got a jewelled plate armour
  8969 | D:10     | Identified the +3 plate armour of Xina {+Fly MP+9 Int+6
                  | Dex-5} (You found it on level 10 of the Dungeon)
  9055 | D:11     | Reached XP level 11. HP: 79/104 MP: 10/10
  9226 | D:10     | Killed an unseen horror
  9645 | D:11     | Reached skill level 10 in Armour
  9656 | D:11     | Found a frozen archway.
  9829 | D:11     | Reached **** piety under Trog
  9835 | D:11     | Found an ancient bone altar of Kikubaaqudgha.
 10010 | D:11     | Found Lenegara's Island Escapes.
 10405 | D:11     | Bought a potion of invisibility for 136 gold pieces
 10405 | D:11     | Bought a scroll of fog for 34 gold pieces
 10860 | D:11     | Noticed a five-headed hydra
 10901 | D:11     | Killed a five-headed hydra
 10979 | D:11     | Noticed a red ugly thing
 10993 | D:11     | Killed a red ugly thing
 10995 | D:11     | Killed an unseen horror
 11007 | D:11     | Got a faintly glowing cloak
 11019 | D:11     | Noticed a centaur warrior
 11019 | D:11     | Noticed a two-headed ogre
 11019 | D:11     | Noticed a red ugly thing
 11059 | D:11     | Killed a red ugly thing
 11082 | D:11     | Killed a two-headed ogre
 11087 | D:11     | Killed a centaur warrior
 11087 | D:11     | Reached XP level 12. HP: 79/115 MP: 11/11
 11609 | D:11     | Identified the +0 cloak "Uklegaon" {*Drain MP+9 SInv} (You
                  | found it on level 11 of the Dungeon)
 12279 | D:11     | Noticed Harold
 12300 | D:11     | Killed Harold
 12352 | D:11     | Found a portal to a secret trove of treasure.
 12681 | D:12     | Found a staircase to the Orcish Mines.
 12983 | D:12     | Found a runed translucent door.
 12986 | D:12     | Found the +10 large shield of Ignorance {rN+ Int-4}
 13079 | D:12     | Found a runed translucent door.
 13254 | D:12     | Lost intelligence.
 14854 | D:13     | Noticed a centaur warrior
 14873 | D:13     | Killed a centaur warrior
 14943 | D:13     | Noticed a centaur warrior
 14960 | D:13     | Killed a centaur warrior
 14962 | D:13     | Received a gift from Trog
 15253 | D:13     | Found a gate to the Vaults.
 15268 | D:13     | Reached skill level 10 in Shields
 15311 | D:13     | Reached XP level 13. HP: 103/125 MP: 12/12
 15799 | D:13     | Reached skill level 15 in Fighting
 15990 | D:13     | Reached ***** piety under Trog
 16184 | Orc:1    | Entered Level 1 of the Orcish Mines
 16185 | Orc:1    | Noticed a stone giant
 16219 | D:12     | Killed a stone giant
 16219 | D:12     | Reached skill level 15 in Axes
 16219 | D:12     | Reached skill level 1 in Evocations
 16326 | Orc:1    | Received a gift from Trog
 16328 | Orc:1    | Found Busheo's Jewellery Shoppe.
 16329 | Orc:1    | Noticed Josephine
 16356 | D:12     | Killed Josephine
 16506 | Orc:1    | Found a roughly hewn altar of Beogh.
 16509 | Orc:1    | Bought a +3 ring of evasion for 336 gold pieces
 16693 | Orc:2    | Entered Level 2 of the Orcish Mines
 16693 | Orc:2    | Found a staircase to the Elven Halls.
 16703 | Orc:2    | Noticed an ettin
 16767 | Orc:2    | Paralysed by an ogre mage for 3 turns
 16768 | Orc:2    | HP: 5/126 [ettin/+0 dire flail (21)]
 16768 | Orc:2    | Demolished by an ettin

Skill      XL: |  1  2  3  4  5  6  7  8  9 10 11 12 13 |
---------------+----------------------------------------+-----
Fighting       | 4 5 6 7 8 10 12 13 14 15 | 15.0
Axes           | 3 4 5 6 8 10 11 13 14 15 | 15.2
Armour         | 4 5 6 7 9 11 12 | 12.4
Dodging        | 3 |  3.5
Shields        | 5 7 10 11 | 11.6
Evocations     | 2 |  2.5

Action                   |  1- 3 |  4- 6 |  7- 9 | 10-12 | 13-15 || total
-------------------------+-------+-------+-------+-------+-------++-------
Melee: War axe           |    71 |   130 |   325 |   653 |   236 ||  1415
       Headbutt          |    12 |    23 |    73 |   127 |    40 ||   275
Invok: Trog's Hand       |       |       |       |    11 |     3 ||    14
       Berserk           |       |       |       |     7 |     3 ||    10
       Brothers in Arms  |       |       |       |     1 |     1 ||     2
 Abil: Evoke Flight      |       |       |     1 |     4 |       ||     5
       Stop Flying       |       |       |       |     1 |       ||     1
Evoke: Wand              |       |       |       |    21 |       ||    21
  Use: Scroll            |       |     5 |     7 |     5 |     4 ||    21
       Potion            |       |     1 |     6 |    10 |       ||    17
 Stab: Distracted        |       |       |       |     1 |       ||     1
  Eat: Chunk             |     1 |     7 |     8 |    16 |     3 ||    35
       Ration            |       |       |     3 |     7 |     2 ||    12
Armor: Scale mail        |    24 |    44 |    75 |    23 |       ||   166
       Plate armour      |       |       |       |   267 |    33 ||   300
       Ring mail         |       |       |       |    22 |       ||    22
Dodge: Dodged            |    20 |    31 |   118 |   257 |    32 ||   458
Block: Shield            |    47 |    72 |   149 |   282 |       ||   550
       Large shield      |       |       |       |   201 |   258 ||   459
